 Dungeon Crawl Stone Soup version 0.28.0-43-g3370ac3207 (webtiles) character file.

Game seed: 4918788785177331490

4830 Zeld the Zephyrmancer (level 10, 0/59 HPs)
             Began as a Tengu Air Elementalist on Apr 1, 2022.
             Was a Follower of Vehumet.
             Slain by a howler monkey (4 damage)
             ... on level 8 of the Dungeon.
             The game lasted 00:14:43 (16674 turns).

Zeld the Zephyrmancer (Tengu Air Elementalist)     Turns: 16674, Time: 00:14:43

Health: 0/59       AC:  3    Str:  8    XL:     10   Next: 49%
Magic:  9/23       EV: 15    Int: 21    God:    Vehumet [*.....]
Gold:   286        SH:  0    Dex: 14    Spells: 12/25 levels left

rFire   . . .      SeeInvis .   a - staff of air
rCold   . . .      Faith    .   (no shield)
rNeg    . . .      Spirit   .   n - +0 robe
rPois   .          Reflect  .   (helmet restricted)
rElec   +          Harm     .   f - scarf {+Inv}
rCorr   .          Rampage  .   p - +0 pair of gloves
Will    .....                   (boots unavailable)
Stlth   ++........              (no amulet)
HPRegen 0.19/turn               (no ring)
MPRegen 0.18/turn               (no ring)

@: flying quickly and evasively, quick
A: beak, talons 3, nimble flight
a: Renounce Religion, Evoke Invisibility


You were on level 8 of the Dungeon.
You worshipped Vehumet.
Vehumet was aware of your devotion.
You visited 2 branches of the dungeon, and saw 9 of its levels.

You collected 460 gold pieces.
You spent 174 gold pieces at shops.

Inventory:

Armour
 f - a scarf of invisibility (worn)
 n - a +0 robe (worn)
 p - a +0 pair of gloves (worn)
Magical Staves
 a - a staff of air (weapon)
Wands
 u - a wand of polymorph (5)
Scrolls
 d - a scroll of enchant armour {unknown}
 h - 2 scrolls of teleportation
 k - 2 scrolls of blinking
 v - 2 scrolls of enchant weapon
Potions
 b - a potion of mutation {unknown}
 c - a potion of ambrosia {unknown}
 e - 2 potions of berserk rage {unknown}
 i - a potion of lignification {unknown}
 j - 4 potions of might
 m - 2 potions of heal wounds {unknown}
 o - a potion of degeneration {unknown}
 q - a potion of flight {unknown}
 r - a potion of invisibility {unknown}
 s - 3 potions of brilliance {unknown}
 t - a potion of attraction {unknown}


   Skills:
 - Level 5.0 Fighting
 - Level 3.0 Dodging
 - Level 3.0 Stealth
 * Level 8.2 Spellcasting
 + Level 7.8 Conjurations
 + Level 3.3 Summonings
 * Level 11.9 Air Magic
 + Level 0.0 Evocations


You had 12 spell levels left.
You knew the following spells:

 Your Spells              Type           Power      Damage    Failure   Level
a - Shock                 Conj/Air       100%       1d9       1%          1
b - Static Discharge      Conj/Air       66%        N/A       1%          2
c - Swiftness             Air            73%        N/A       1%          3
d - Airstrike             Air            36%        N/A       1%          4
e - Call Canine Familiar  Summ           22%        N/A       6%          3

Your spell library contained the following spells:

 Spells                   Type           Power      Damage    Failure   Level
 Sandblast                Erth           16%        2d6       8%          1
 Summon Small Mammal      Summ           88%        N/A       1%          1
 Summon Guardian Golem    Hex/Summ       15%        N/A       12%         3
 Portal Projectile        Hex/Tloc       16%        N/A       24%         3
 Leda's Liquefaction      Hex/Erth       4%         N/A       61%         4


Dungeon Overview and Level Annotations

Branches:
Dungeon (8/15)             Temple (1/1) D:5            Lair (0/6) D:8

Altars:
Ashenzari
Cheibriados
Dithmenos
Elyvilon
Fedhas
Gozag
Hepliaklqana
Kikubaaqudgha
Makhleb
Nemelex Xobeh
Okawaru
Qazlal
Ru
Sif Muna
Trog
Uskayaw
Vehumet
Wu Jian
Xom
Yredelemnul
Zin
The Shining One

Shops:
D:7 *

Annotations:
D:3 1 runed translucent door, pkoi's ghost, amateur DgIE


Innate Abilities, Weirdness & Mutations

You have a beak for a mouth.
You have claws for feet.
Your magical nature lets you fly swiftly and evasively.


Message History

Press: ? - help, Shift-Dir - straight line You feel a surge of power!
The zap hits the howler monkey.
The howler monkey is severely wounded.
The howler monkey hits you!
* * * LOW HITPOINT WARNING * * *
Unknown command.
Casting: Shock (safe; 1% risk of failure)
Confirm with . or Enter, or press ? or * to list all spells.
Aiming: Shock (safe; 1% risk of failure)
Press: ? - help, Shift-Dir - straight line You feel a surge of power!
The zap hits the howler monkey.
The howler monkey is severely wounded.
The howler monkey hits you but does no damage.
Unknown command.
Casting: Shock (safe; 1% risk of failure)
Confirm with . or Enter, or press ? or * to list all spells.
Aiming: Shock (safe; 1% risk of failure)
Press: ? - help, Shift-Dir - straight line You feel a surge of power!
The zap hits the howler monkey.
The howler monkey is severely wounded.
The howler monkey closely misses you.
Unknown command.
Casting: Shock (safe; 1% risk of failure)
Confirm with . or Enter, or press ? or * to list all spells.
Aiming: Shock (safe; 1% risk of failure)
Press: ? - help, Shift-Dir - straight line You feel a surge of power!
The zap hits the howler monkey.
The howler monkey is almost dead.
The howler monkey hoots and howls with incredible vigour!
You hear a shout!
Unknown command.
Casting: Shock (safe; 1% risk of failure)
Confirm with . or Enter, or press ? or * to list all spells.
Aiming: Shock (safe; 1% risk of failure)
Press: ? - help, Shift-Dir - straight line You feel a surge of power!
The zap misses the howler monkey.
The howler monkey hits you.
* * * LOW HITPOINT WARNING * * *
The howler monkey hits you.
You die...

##..###..#.#......###..
##..#.#.#...##)#........
##..###.###.............. .
##..###._.###..#.######...
.c..####.)..###.###..#...####....
.)..'......).#####..........'....
..H.####...#.)###........####....
. ##..##.)#.....#...# ##...
##.###.h@..#.##### ##..
#..########.# ##. # ##.# #.# ## #
#.# #.##### # # #.# #.....# # ##
#.# #####.# ## (## #.# #.# ##.
..# #.# #.######.. ..#########.#
#.....###.


You could see a howler monkey.

Vanquished Creatures
  A two-headed ogre (D:7)
  Sigmund (D:4)
  A vampire (D:8)
  Eustachio (D:5)
  A yak (D:8)
  2 steam dragons
  Edmund (D:5)
  Duvessa (D:5)
  A water moccasin (D:7)
  2 black bears
  4 ice beasts
  2 orc warriors
  A sky beast (D:5)
  2 centaurs (D:7)
  A phantom (D:5)
  Blork the orc (D:5)
  2 bullfrogs (D:6)
  2 scorpions
  A wyvern zombie (D:8)
  A gnoll sergeant (D:7)
  2 water moccasin skeletons
  A killer bee (D:8)
  Dowan (D:5)
  6 wights
  A howler monkey (D:3)
  2 jellies (D:8)
  2 bullfrog zombies
  4 orc priests
  A hound (D:6)
  A centaur skeleton (D:5)
  A gnoll shaman (D:5)
  A bullfrog skeleton (D:6)
  3 iguanas
  5 orc wizards
  A killer bee zombie (D:7)
  A hound skeleton (D:4)
  2 hound zombies (D:5)
  Robin (D:3)
  4 adders
  10 gnolls
  A shadow imp (D:6)
  5 worms
  4 dart slugs
  22 orcs
  5 ball pythons
  13 bats
  10 endoplasms
  14 goblins
  6 hobgoblins
  6 quokkas
  4 frilled lizards
  2 kobolds (D:2)
  2 rats
173 creatures vanquished.

Vanquished Creatures (collateral kills)
  2 sky beasts
  A hound (D:7)
3 creatures vanquished.

Vanquished Creatures (others)
  3 toadstools (D:7)
3 creatures vanquished.

Grand Total: 179 creatures vanquished

Notes
Turn   | Place    | Note
-------+----------+-------------------------------------------
     0 | D:1      | Zeld the Tengu Air Elementalist began the quest for the
                  | Orb.
     0 | D:1      | Reached XP level 1. HP: 10/10 MP: 4/4
   144 | D:1      | Found a faded altar of an unknown god.
   254 | D:1      | Reached XP level 2. HP: 15/15 MP: 4/6
   939 | D:2      | Reached XP level 3. HP: 16/19 MP: 0/7
   947 | D:2      | Learned a level 2 spell: Static Discharge
   951 | D:2      | Learned a level 3 spell: Swiftness
  1426 | D:2      | Identified the +4 ring mail "Dem Joa" {Rampage}
  1805 | D:2      | Reached XP level 4. HP: 24/24 MP: 6/9
  2627 | D:3      | Reached skill level 5 in Air Magic
  2638 | D:3      | Noticed Robin
  2762 | D:3      | Killed Robin
  2763 | D:3      | Gained mutation: Your magical nature lets you fly swiftly
                  | and evasively. [Tengu growth]
  2763 | D:3      | Reached XP level 5. HP: 27/28 MP: 5/10
  2769 | D:3      | Learned a level 4 spell: Airstrike
  2853 | D:3      | Found a runed translucent door.
  2965 | D:3      | Noticed pkoi's ghost (amateur DgIE)
  3534 | D:5      | Entered Level 5 of the Dungeon
  3851 | D:4      | Reached XP level 6. HP: 32/32 MP: 10/12
  3961 | D:4      | Noticed Sigmund
  4011 | D:4      | Reached skill level 6 in Air Magic
  4306 | D:3      | Reached skill level 1 in Fighting
  4882 | D:5      | Noticed Edmund
  4892 | D:5      | Reached XP level 7. HP: 28/38 MP: 9/14
  5204 | D:5      | Noticed Duvessa
  5211 | D:5      | Noticed Dowan
  5494 | D:5      | Killed Dowan
  5495 | D:5      | Killed Duvessa
  5496 | D:5      | Reached skill level 7 in Air Magic
  5713 | D:5      | Found a staircase to the Ecumenical Temple.
  5732 | Temple   | Entered the Ecumenical Temple
  5874 | Temple   | Became a worshipper of Vehumet
  6232 | D:5      | Killed Edmund
  6373 | D:5      | Reached skill level 5 in Spellcasting
  6373 | D:5      | Reached XP level 8. HP: 45/45 MP: 3/16
  6718 | D:5      | Reached skill level 8 in Air Magic
  6728 | D:5      | Noticed Eustachio
  6743 | D:5      | Killed Eustachio
  6744 | D:5      | Reached skill level 5 in Conjurations
  7508 | D:5      | Noticed Blork the orc
  7512 | D:5      | Killed Blork the orc
  7629 | D:5      | Reached skill level 9 in Air Magic
  8569 | D:4      | Killed Sigmund
  8570 | D:4      | Reached XP level 9. HP: 52/52 MP: 10/19
 10439 | D:6      | Reached skill level 10 in Air Magic
 11512 | D:5      | Learned a level 3 spell: Call Canine Familiar
 11749 | D:5      | Found a staircase to the Ecumenical Temple.
 13483 | D:7      | Noticed a two-headed ogre
 14246 | D:7      | Killed a two-headed ogre
 14247 | D:7      | Reached skill level 11 in Air Magic
 14247 | D:7      | Reached XP level 10. HP: 58/58 MP: 1/22
 14455 | D:7      | Reached skill level 5 in Fighting
 14798 | D:7      | Found Culelego's General Store.
 14941 | D:7      | Bought a potion of curing for 36 gold pieces
 14941 | D:7      | Bought a scroll of enchant weapon for 90 gold pieces
 14941 | D:7      | Bought a potion of might for 48 gold pieces
 15187 | D:8      | Found a glowing silver altar of Zin.
 15225 | D:8      | Reached * piety under Vehumet
 15225 | D:8      | Offered knowledge of Sandblast by Vehumet.
 15644 | D:8      | Found a staircase to the Lair.
 16082 | D:8      | Found a sparkling altar of Nemelex Xobeh.
 16191 | D:8      | Noticed a manticore
 16193 | D:8      | Noticed a centaur warrior
 16674 | D:8      | Slain by a howler monkey

Illustrated notes

Levels and vault maps discovered:
D:1:      psy_arrival_statuary, layout_loops_ring,
          shapermc_ecumenical_altar_venn, chequers_garden
D:2:      layout_basic, chequers_mini_garden, hangedman_feature_mirror
D:3:      layout_loops_ring, ebering_ghost_inner_flame, st_stairs_11, uniq_robin
D:4:      layout_basic, uniq_sigmund
D:5:      layout_basic, minmay_temple_entry_stoned_glass, sword_in_stone,
          uniq_duvessa, uniq_edmund, uniq_blork_the_orc
D:6:      layout_basic
D:7:      layout_cave_pods, minmay_gold_behind_fungi, kennysheep_small_square
D:8:      layout_loops_corners, mainiacjoe_overflow_catwalk,
          nemelex_diamond_rough_becter, lair_entry_dummy, serial_aquarium,
          aquarium_bridge_square [aquarium_subvault_bridge,
          aquarium_subvault_window, aquarium_subvault_window,
          aquarium_subvault_window], aquarium_bridge_straight
          [aquarium_subvault_bridge, aquarium_subvault_wall,
          aquarium_subvault_bridge, aquarium_subvault_window],
          aquarium_window_corridor_1, aquarium_window_fake,
          aquarium_window_fake, aquarium_view_2d, aquarium_view_2b,
          aquarium_pool_corner, minmay_pinched_square
Temple:   mainiacjoe_temple_big_plus

Skill      XL: |  1  2  3  4  5  6  7  8  9 10 |
---------------+-------------------------------+-----
Conjurations   | 2 3 4 5 7 |  7.8
Air Magic      | 5 6 7 9 11 | 11.9
Spellcasting   | 3 4 5 6 7 8 |  8.2
Dodging        | 3 |  3.0
Stealth        | 3 |  3.0
Fighting       | 1 2 3 4 5 |  5.0
Summonings     | 2 3 |  3.3

Action                   |  1- 3 |  4- 6 |  7- 9 | 10-12 || total
-------------------------+-------+-------+-------+-------++-------
Melee: Unarmed           |     4 |     1 |       |       ||     5
       Kick              |     2 |     3 |    14 |       ||    19
       Staff             |       |    10 |    13 |       ||    23
       Peck              |       |     2 |    15 |       ||    17
       Scythe            |       |       |    31 |       ||    31
 Cast: Shock             |    82 |    94 |    69 |    40 ||   285
       Static Discharge  |       |    15 |    22 |     1 ||    38
       Airstrike         |       |     2 |    62 |    35 ||    99
       Call Canine Famil |       |       |     5 |       ||     5
       Swiftness         |       |       |     1 |     1 ||     2
Evoke: Wand              |       |       |     1 |       ||     1
  Use: Potion            |       |     1 |       |     2 ||     3
       Scroll            |       |       |       |     5 ||     5
 Stab: Sleeping          |       |       |     1 |       ||     1
Armor: Robe              |     5 |     6 |    23 |     2 ||    36
       Skin              |       |       |     1 |       ||     1
Dodge: Dodged            |    10 |    31 |   106 |    13 ||   160
